 Dungeon Crawl Stone Soup version 0.30-a0-1114-gd936c97349 (webtiles) character file.

Game seed: 18245946673034625928

2312 BlueFish the Covert (level 9, 0/88 HPs)
             Began as an Octopode Warper on Apr 20, 2023.
             Succumbed to a killer bee's poison
             ... on level 7 of the Dungeon.
             The game lasted 00:23:10 (9030 turns).

BlueFish the Covert (Octopode Warper)               Turns: 9030, Time: 00:23:10

Health: 0/88       AC: 28    Str: 15    XL:     9   Next: 41%
Magic:  15/15      EV:  2    Int: 15    God:
Gold:   395        SH:  0    Dex: 11    Spells: 6/17 levels left

rFire   . . .      SeeInvis .    a - +2 morningstar
rCold   . . .      Faith    .    (no shield)
rNeg    . . .      Spirit   .    s - melded +1 hat {SInv}
rPois   +          Reflect  .    (no amulet)
rElec   .          Rampage  .    w - +4 ring of protection
rCorr   .          NoTele   +    (no ring)
Will    .....                    (no ring)
Stlth   ++++                     (no ring)
HPRegen 0.34/turn                (no ring)
MPRegen 0.14/turn                (no ring)
                                 (no ring)
                                 (no ring)

@: lethally poisoned (0 -> -5), tree-form, on berserk cooldown, slowed,
invisible, very slow
A: stationary, stasis, torment immunity, boosted hp, almost no armour,
(amphibious), 8 rings, (camouflage 1), (gelatinous body 1), (nimble swimmer 1),
(tentacles)
a: no special abilities


You were on level 7 of the Dungeon.
You were a tree.
You visited 2 branches of the dungeon, and saw 8 of its levels.
You also visited: Sewer.

You collected 395 gold pieces.

Inventory:

Hand Weapons
 a - a +2 morningstar (weapon)
 b - a +0 sling
 g - a +0 flail
 p - a +0 mace
Missiles
 c - 6 boomerangs of dispersal (quivered)
 k - 19 poisoned darts
 u - 4 boomerangs
 C - 6 curare-tipped darts
Armour
 s - a +1 hat of see invisible (melded)
Jewellery
 w - a +4 ring of protection (left branch)
Wands
 B - a wand of flame (22)
Scrolls
 f - 2 scrolls of silence
 h - 5 scrolls of teleportation
 j - a scroll of fog {unknown}
 m - a scroll of amnesia {unknown}
 n - 3 scrolls of fear {unknown}
 r - 2 scrolls of poison {unknown}
 y - a scroll of immolation {unknown}
 z - a scroll of blinking
 D - a scroll of identify
 E - a scroll of butterflies {unknown}
Potions
 d - a potion of might
 e - 2 potions of magic
 l - 2 potions of attraction
 o - 2 potions of flight
 q - a potion of cancellation
 t - a potion of mutation


   Skills:
 + Level 4.6 Fighting
 + Level 4.5 Maces & Flails
 + Level 4.1 Throwing
 + Level 4.8 Dodging
 * Level 9.0 Stealth
 + Level 4.5 Spellcasting
 + Level 5.2 Translocations


You had 6 spell levels left.
You knew the following spells:

 Your Spells              Type           Power      Damage    Failure   Level
a - Blink                 Tloc           38%        N/A       3%          2
b - Lesser Beckoning      Tloc           38%        N/A       3%          2
c - Teleport Other        Tloc           19%        N/A       6%          3
d - Manifold Assault      Tloc           19%        N/A       21%         4

Your spell library contained the following spells:

 Spells                   Type           Power      Damage    Failure   Level
 Shock                    Conj/Air       12%        1d3       17%         1
 Vhi's Electric Charge    Tloc/Air       22%        N/A       17%         3
 Ignite Poison            Fire/Tmut/Pois 3%         N/A       45%         3
 Swiftness                Air            3%         N/A       45%         3
 Airstrike                Air            1%         2d(1-17)  86%         4
 Sticky Flame             Conj/Fire      3%         2d3       86%         4
 Ignition                 Fire           1%         3d3       100%        8


Dungeon Overview and Level Annotations

Branches:
Dungeon (7/15)             Temple (1/1) D:6           Sewer (visited)

Altars:
Ashenzari
Cheibriados
Elyvilon
Fedhas
Gozag
Hepliaklqana
Makhleb
Nemelex Xobeh
Okawaru
Qazlal
Ru
Sif Muna
Trog
Uskayaw
Vehumet
Wu Jian
Xom

Shops:
D:7 =

Annotations:
D:4 Grinder
D:5 exclusion: 2 ogres


Innate Abilities, Weirdness & Mutations

You are a tree.
Your roots penetrate the ground, keeping you stationary.
You cannot be teleported.
You are immune to unholy pain and torment.
Your maximum health is greatly increased.
You cannot wear most types of armour.
((You are amphibious.))
You can wear up to eight rings at the same time.
((Your skin changes colour to match your surroundings (Stealth+).))
((Your rubbery body absorbs attacks. (AC +1, EV +1)))
((You are camouflaged when in or above water. (Stealth+)))
((You have tentacles for arms and can constrict up to eight enemies at once.))


Message History

You are lethally poisoned!
The killer bee poisons you!
You barely miss the killer bee. Your grab misses the killer bee.
The killer bee is almost dead.
* * * LOW HITPOINT WARNING * * *
You feel extremely sick.
The killer bee closely misses you. x2; The killer bee barely misses you.
You miss the killer bee. You grab the killer bee. You squeeze the killer bee.
You kill the killer bee!
* * * LOW HITPOINT WARNING * * *
You feel extremely sick.
Your Stealth skill increases to level 9!
It was a potion of berserk rage.
A red film seems to cover your vision as you go berserk!
You feel yourself moving faster!
You feel mighty!
* * * LOW HITPOINT WARNING * * *
You feel very sick.
You are too berserk!
You are too berserk!
You feel a strong urge to attack something.
* * * LOW HITPOINT WARNING * * *
You feel sick.
* * * LOW HITPOINT WARNING * * *
You feel sick.
You feel your anger nearly subside.
* * * LOW HITPOINT WARNING * * *
You feel sick.
You are no longer berserk.
You are exhausted.
You feel yourself slow down.
* * * LOW HITPOINT WARNING * * *
You feel sick.
It was a potion of lignification.
You turn into a tree.
Your +1 hat of see invisible melds into your body.
You feel less perceptive.
Your roots penetrate the ground.
* * * LOW HITPOINT WARNING * * *
You feel sick.
It was a potion of invisibility.
You fade into invisibility!
You die...

.# ###.#######.###.###.######..
.# #.....# #.# #......♣...... .#
#####.# #.# ######...###.# .#
#.# #.# #....♣∩♣....# .# #.# #.#
#.###..###..# .# #.# #.# #.#
#.♣# ##.# .# #.# #.# #.# #.# #.#
.###########.# #.# #.# #.#####..
...........#.###♣# #.# #........
...............#.# #.###########
##.#....)#.#####.# #............
#.#.#.......###.################
#.#.#.###.....)....y......)..#
#.#.......#.###......)..####.#
#.###.###.#.# #########.# #†#
#.........#.# #.......#.# #.#
#####.###.#.###.###?#.#o# #.#


There were no monsters in sight!

Vanquished Creatures
  4 water moccasins
  2 ice beasts
  A sky beast (D:7)
  2 centaurs
  A phantom (D:6)
  4 bullfrogs
  A kobold brigand (D:7)
  8 killer bees
  2 hounds
  An orc priest (D:7)
  2 jellies
  A sleepcap (D:5)
  7 iguanas
  4 gnolls (D:4)
  6 river rats (Sewer)
  13 adders
  3 shadow imps
  3 white imps
  An ufetubus (D:6)
  A worm (D:5)
  A dart slug (D:2)
  6 orcs
  5 bats
  5 endoplasms
  A giant cockroach (D:3)
  5 goblins
  5 hobgoblins
  5 jackals (D:1)
  3 quokkas
  13 ball pythons
  8 frilled lizards
  12 kobolds
  22 rats
158 creatures vanquished.

Notes
Turn   | Place    | Note
-------+----------+-------------------------------------------
     0 | D:1      | BlueFish the Octopode Warper began the quest for the Orb.
     0 | D:1      | Reached XP level 1. HP: 14/14 MP: 3/3
   241 | D:1      | Reached skill level 1 in Stealth
   241 | D:1      | Reached XP level 2. HP: 19/19 MP: 5/5
   244 | D:1      | Learned a level 2 spell: Blink
   247 | D:1      | Learned a level 2 spell: Lesser Beckoning
   586 | D:2      | Reached skill level 2 in Stealth
   586 | D:2      | Reached XP level 3. HP: 10/24 MP: 6/6
   888 | D:1      | Reached XP level 4. HP: 11/29 MP: 7/7
   892 | D:1      | Learned a level 3 spell: Teleport Other
  1110 | D:2      | Reached skill level 3 in Stealth
  1267 | D:2      | Found a faded altar of an unknown god.
  2070 | D:4      | Reached XP level 5. HP: 35/35 MP: 8/8
  2356 | D:4      | Noticed Grinder
  2613 | D:4      | Reached skill level 4 in Stealth
  2830 | D:4      | Reached XP level 6. HP: 39/41 MP: 10/10
  3162 | D:5      | Entered Level 5 of the Dungeon
  3205 | D:5      | Found a glowing drain.
  3229 | Sewer    | Entered a sewer
  3796 | Sewer    | Reached skill level 5 in Stealth
  3832 | Sewer    | Reached XP level 7. HP: 9/46 MP: 11/11
  4616 | D:4      | HP: 1/46 [killer bee (6)]
  4975 | D:5      | Reached skill level 6 in Stealth
  5490 | D:5      | Reached XP level 8. HP: 10/52 MP: 13/13
  5986 | D:5      | Learned a level 4 spell: Manifold Assault
  6216 | D:6      | Found a staircase to the Ecumenical Temple.
  6278 | Temple   | Entered the Ecumenical Temple
  6564 | D:6      | Reached skill level 7 in Stealth
  7673 | D:7      | Found Agekh's Jewellery Shoppe.
  7778 | D:7      | Reached skill level 8 in Stealth
  7778 | D:7      | Reached XP level 9. HP: 37/58 MP: 15/15
  7979 | D:7      | Reached skill level 5 in Translocations
  9024 | D:7      | Reached skill level 9 in Stealth
  9027 | D:7      | HP: 4/88 [poisoned by a killer bee]
  9029 | D:7      | HP: 1/88 [poisoned by a killer bee]
  9030 | D:7      | Succumbed to a killer bee's poison

Illustrated notes

Levels and vault maps discovered:
D:1:      minmay_arrival_plants_in_alcoves, layout_basic
D:2:      layout_basic, shapermc_ecumenical_altar_mp_vishouse, hex_large
D:3:      layout_loops_ring
D:4:      layout_basic, uniq_grinder
D:5:      layout_basic, cheibrodos_sewer_entry_sluice, abandoned_shop
D:6:      layout_loops_ring, minmay_temple_entry_wispy,
          kennysheep_generic_room_8
D:7:      layout_basic, serial_shops, nicolae_shop_trees
Temple:   nicolae_temple_bog_church

Skill      XL: |  1  2  3  4  5  6  7  8  9 |
---------------+----------------------------+-----
Stealth        | 1 2 3 4 5 6 8 9 |  9.0
Throwing       | 2 3 4 |  4.1
Dodging        | 3 4 |  4.8
Spellcasting   | 3 4 |  4.5
Fighting       | 3 4 |  4.6
Maces & Flails | 3 4 |  4.5
Translocations | 4 5 |  5.2

Action                     |  1- 3 |  4- 6 |  7- 9 || total
---------------------------+-------+-------+-------++-------
  Melee: Mace              |    30 |    49 |   125 ||   204
         Constrict         |     8 |    27 |    32 ||    67
         Tentacles         |     4 |    15 |    47 ||    66
         Morningstar       |       |    65 |    88 ||   153
         Punch             |       |     1 |     1 ||     2
   Fire: Sling             |    61 |   120 |    81 ||   262
  Throw: Boomerang         |       |     1 |       ||     1
   Cast: Blink             |       |     2 |     2 ||     4
         Teleport Other    |       |     1 |     3 ||     4
         Lesser Beckoning  |       |     1 |     5 ||     6
    Use: Scroll            |       |    10 |     8 ||    18
         Potion            |       |       |    12 ||    12
   Stab: Sleeping          |       |     3 |     3 ||     6
 Armour: Skin              |     4 |    14 |    57 ||    75
  Dodge: Dodged            |    24 |   108 |   206 ||   338

Table legend: (Time is in decaauts)
 A = Elapsed time spent in this place.
 B = Non-inter-level travel time spent in this place.
 C = Inter-level travel time spent in this place.
 D = Time resting spent in this place.
 E = Time spent auto-exploring this place.
 F = Levels seen in this place.
 G = Mean time per level.
                   A        B        C        D        E       F      G
               +--------+--------+--------+--------+--------+-----+--------+
         Total |   9127 |   8819 |    308 |    268 |   6871 |   9 | 1014.1 |
       Dungeon |   8003 |   7717 |    286 |    264 |   6068 |   7 | 1143.3 |
        Temple |    136 |    114 |     22 |      0 |    102 |   1 |  136.0 |
         Sewer |    987 |    987 |      0 |      4 |    701 |   1 |  987.0 |
               +--------+--------+--------+--------+--------+-----+--------+

Top non-repeatable levels by time:
     D:5: 1767 daAuts
     D:7: 1579 daAuts
     D:4: 1501 daAuts
     D:6: 1128 daAuts
   Sewer: 987 daAuts
     D:1: 684 daAuts
     D:2: 682 daAuts
     D:3: 660 daAuts
  Temple: 136 daAuts
